 Dungeon Crawl Stone Soup version 0.31.0-4-g52a2dc7128 (webtiles) character file.

Game seed: 8927832779893206342

109 Esekla the Magician (level 4, -1/25 HPs)
             Began as a Deep Elf Warper on Jan 22, 2024.
             Slain by a hound (5 damage)
             ... on level 4 of the Dungeon.
             The game lasted 00:10:19 (2656 turns).

Esekla the Magician (Deep Elf Warper)               Turns: 2656, Time: 00:10:20

Health: -1/25      AC:  6    Str:  8    XL:     4   Next: 60%
Magic:  8/12       EV: 12    Int: 20    God:
Gold:   252        SH:  0    Dex: 14    Spells: 6/11 levels left

rFire   . . .        a - +0 falchion
rCold   . . .        (no shield)
rNeg    . . .        b - +0 leather armour
rPois   .            (no helmet)
rElec   .            (no cloak)
rCorr   .            (no gloves)
SInv    .            (no boots)
Will    .....        (no amulet)
Stlth   +            (no ring)
HPRegen 0.24/turn    (no ring)
MPRegen 0.13/turn

%: no passive effects
@: ice-armoured
A: no striking features
a: no special abilities


You were on level 4 of the Dungeon.
You visited 1 branch of the dungeon, and saw 6 of its levels.

You collected 252 gold pieces.

Inventory:

Hand Weapons
 a - a +0 falchion (weapon)
 s - a +0 dagger
Missiles
 d - 7 darts of dispersal
 h - 6 poisoned darts (quivered)
Armour
 b - a +0 leather armour (worn)
Scrolls
 c - a scroll of blinking
 f - 4 scrolls of vulnerability {unknown}
 g - 3 scrolls of revelation {unknown}
 i - 2 scrolls of enchant weapon {unknown}
 k - a scroll of torment {unknown}
 n - a scroll of silence {unknown}
Potions
 e - a potion of lignification {unknown}
 j - 2 potions of attraction
 l - 2 potions of mutation {unknown}
 m - a potion of haste {unknown}


   Skills:
 - Level 1.5 Fighting
 + Level 2.5 Long Blades
 + Level 1.0 Throwing
 + Level 1.6 Armour
 * Level 3.4 Dodging
 + Level 0.6 Stealth
 * Level 4.1 Spellcasting
 + Level 3.6 Translocations


You had 6 spell levels left.
You knew the following spells:

 Your Spells              Type           Power      Damage    Failure   Level
a - Ozocubu's Armour      Ice            4%         N/A       45%         3
b - Blink                 Tloc           36%        N/A       6%          2

Your spell library contained the following spells:

 Spells                   Type           Power      Damage    Failure   Level
 Lesser Beckoning         Tloc           36%        N/A       6%          2
 Teleport Other           Tloc           18%        N/A       12%         3
 Manifold Assault         Tloc           18%        N/A       38%         4
 Fugue of the Fallen      Necr           4%         N/A       47%         3
 Vhi's Electric Charge    Tloc/Air       22%        N/A       63%         4


Dungeon Overview and Level Annotations

Branches:
Dungeon (6/15)
 Temple: D:4-7

Altars:

Annotations:
D:3 Terence


Message History

The hound is lightly wounded.
The hound bites you. The hound misses you.
You hit the hound.
The hound is moderately wounded.
The hound bites you. The hound bites you. The hound closely misses you.
You climb upwards.
Found 11 gold pieces.
Found a stone staircase leading down.
There is a stone staircase leading down here.
Casting: Ozocubu's Armour (extremely dangerous; 45% risk of failure)
Confirm with . or Enter, or press ? or * to list all spells.
You blink.
Found a robe, a scroll labelled LEIFIKKUYR and 7 gold pieces.
The hound closely misses you.
There is a stone staircase leading down here.
Casting: Blink (safe; 6% risk of failure)
Confirm with . or Enter, or press ? or * to list all spells.
A film of ice covers your body!
You feel ready to blink again. The hound bites you but does no damage.
The hound bites you.
You closely miss the hound.
The hound is moderately wounded.
The hound bites you.
* * * LOW HITPOINT WARNING * * *
The hound closely misses you.
You closely miss the hound. You punch the hound, but do no damage.
The hound is moderately wounded.
The hound bites you.
* * * LOW HITPOINT WARNING * * *
You barely miss the hound.
The hound is moderately wounded.
The hound bites you but does no damage. The hound bites you.
* * * LOW HITPOINT WARNING * * *
You closely miss the hound.
The hound is moderately wounded.
The hound bites you but does no damage. The hound misses you.
You closely miss the hound.
The hound is lightly wounded.
The hound bites you.
You die...

### #.## ## ### ##..##
.#...## ##...#....#
<#....####........##
.##....##.[.....@h# #
.##...............?...#
.##....##.....#..#$.....$
......###...###...##.....
............#..... .....
###.........h..#..# .#..
##....###....>.##.. . .
......# #.......### ..
......# #.#........


You could see a hound.

Vanquished Creatures
  5 adders
  A dart slug (D:1)
  An orc (D:3)
  4 bats
  7 endoplasms
  2 giant cockroaches
  2 goblins
  7 hobgoblins
  4 quokkas
  5 ball pythons
  9 frilled lizards
  7 kobolds
  5 rats
59 creatures vanquished.

Notes
Turn   | Place    | Note
-------+----------+-------------------------------------------
     0 | D:1      | Esekla the Deep Elf Warper began the quest for the Orb.
     0 | D:1      | Reached XP level 1. HP: 12/12 MP: 6/6
   127 | D:1      | Reached XP level 2. HP: 13/16 MP: 8/8
   135 | D:1      | Learned a level 2 spell: Blink
   371 | D:1      | Reached skill level 1 in Armour
   480 | D:1      | Reached XP level 3. HP: 20/20 MP: 10/10
  1373 | D:2      | Reached XP level 4. HP: 25/25 MP: 11/11
  1756 | D:3      | Identified the +3 cloak "Ylecleiv" {Regen+ Stlth+}
  1834 | D:3      | Reached skill level 4 in Spellcasting
  1978 | D:3      | Noticed Terence
  2212 | D:3      | Learned a level 3 spell: Ozocubu's Armour
  2321 | D:3      | Found a faded altar of an unknown god.
  2604 | D:4      | You fall into a shaft and drop 2 floors!
  2614 | D:6      | Noticed a scorpion
  2623 | D:5      | Entered Level 5 of the Dungeon
  2623 | D:5      | Noticed a gnoll sergeant
  2625 | D:5      | Noticed a water moccasin
  2656 | D:4      | Slain by a hound

Illustrated notes

Levels and vault maps discovered:
D:1:      ebering_trefoil_3fold, layout_loops_ring, minmay_quantized
D:2:      layout_rooms, minmay_tripent
D:3:      layout_basic, shapermc_ecumenical_altar_notcrosses,
          dreamdust_princess_bridge, dk_noncrumbling_2,
          minmay_stone_trees_medium, uniq_terence
D:4:      layout_cave_pools, kennysheep_generic_room_9, uniq_duvessa
D:5:      layout_cave_pools, minmay_temple_entry_mini_moons,
          serial_column_ruins, column_ruins_corridor_straight,
          column_ruins_columns_corner, column_ruins_open_medium,
          column_ruins_open_small_water, column_ruins_open_tiny,
          column_ruins_corridor_corner
D:6:      layout_rooms, gammafunk_ghost_split, st_stairs_12,
          nicolae_shop_dragon_depot, minmay_parallelograms,
          minmay_tree_intersection, amcnicky_mini_pool_small,
          kb_lookout_dungeons_type, uniq_menkaure

Skill      XL: |  1  2  3  4 |
---------------+-------------+-----
Long Blades    | 2 |  2.5
Armour         | 1 |  1.6
Dodging        | 3 |  3.4
Spellcasting   | 4 |  4.1
Fighting       | |  1.5
Throwing       | |  1.0
Stealth        | |  0.6
Translocations | |  3.6

Action                     |  1- 3 |  4- 6 || total
---------------------------+-------+-------++-------
  Melee: Falchion          |   139 |    62 ||   201
         Dagger            |     2 |     1 ||     3
         Punch             |     2 |     1 ||     3
  Throw: Dart              |       |     3 ||     3
   Cast: Blink             |       |     1 ||     1
         Ozocubu's Armour  |       |     1 ||     1
    Use: Potion            |     2 |       ||     2
   Stab: Sleeping          |     1 |       ||     1
 Armour: Leather armour    |    69 |    45 ||   114
  Dodge: Dodged            |    89 |    35 ||   124
